Map: Ephemeron LE

Players

VokinLoksar - Winner!

  • Race: Protoss Protoss
  • League: Master
  • Spawn Location: 11:00

Mez

  • Race: Terran Terran
  • League: Master
  • Spawn Location: 5:00

VOD

Have the link to the VOD?

Description

Time

  • Played on: Aug. 23, 2019, 10:30 a.m.
  • Length: 16:45
Show
View Real Time Build Order
Export as new Build Order

VokinLoksar Protoss - Winner!

Build Orders: 1 Gate Expand, Double Forge, Phoenix Opening, Blink Stalkers 

Get SALT Encoding   

  12  0:00  Probe  
  13  0:13  Probe  
  14  0:19  Pylon  
  14  0:25  Probe  
  15  0:33  Probe, Assimilator  
  15  0:42  Probe  
  16  0:46  Gateway  
  17  0:53  Probe  
  18  1:05  Probe  
  19  1:17  Probe  
  20  1:23  Nexus  
  20  1:33  Cybernetics Core  
  20  1:35  Probe  
  21  1:41  Assimilator  
  21  1:44  Probe  
  21  1:51  Pylon  
  21  1:52  Probe  
  22  2:00  Stalker  
  23  2:09  Probe  
  23  2:10  Warp Gate  
  26  2:21  Probe  
  27  2:30  Sentry  
  29  2:41  Probe, Twilight Council  
  29  2:43  Probe  
  31  2:49  Probe  
  31  2:55  Probe  
  31  2:57  Probe  
  33  2:59  Gateway  
  34  3:07  Probe x2, Stalker  
  34  3:08  Phoenix  
  34  3:12  Pylon  
  38  3:18  Probe  
  38  3:19  Probe  
  39  3:25  Blink  
  40  3:29  Probe  
  40  3:31  Probe  
  40  3:32  Gateway  
  42  3:41  Probe  
  42  3:43  Probe  
  44  3:53  Nexus  
  44  3:54  Probe  
  45  3:57  Assimilator  
  45  4:00  Probe, Assimilator  
  46  4:06  Probe  
  47  4:13  Probe  
  47  4:15  Stalker x2  
  52  4:23  Robotics Facility  
  52  4:28  Probe x2  
  54  4:38  Pylon  
  54  4:39  Forge  
  54  4:42  Forge  
  54  4:47  Protoss Ground Weapons Level 1  
  54  4:48  Pylon  
  54  4:50  Protoss Ground Armor Level 1  
  54  4:52  Gateway  
  54  4:56  Gateway, Probe x2  
  56  5:00  Warp Prism  
  56  5:08  Stalker x3  
  64  5:14  Probe x2  
  64  5:32  Probe x2  
  66  5:37  Probe  
  67  5:44  Probe x2  
  67  5:47  Stalker x3  
  67  5:49  Probe  
  76  5:50  Observer  
  76  5:51  Stalker  
  76  5:56  Probe x2  
  81  6:01  Probe  
  82  6:05  Pylon  
  82  6:08  Probe x2  
  84  6:13  Pylon, Probe  
  71  6:20  Probe x2  
  71  6:22  Charge  
  73  6:30  Templar Archives  
  73  6:31  Probe  
  73  6:32  Probe x2  
  76  6:36  Observer  
  76  6:39  Zealot x5  
  87  6:40  Protoss Ground Armor Level 2, Protoss Ground Weapons Level 2  
  87  6:43  Probe  
  87  6:44  Probe x2  
  90  6:55  Probe  
  90  6:56  Probe x2  
  90  6:57  Observer  
  92  7:09  Probe  
  92  7:10  Probe x2  
  92  7:12  Psionic Storm  
  92  7:14  High Templar x2  
  99  7:15  Zealot  
  99  7:18  Pylon  
  99  7:20  Pylon  
  99  7:21  Pylon  
  101  7:29  Pylon  
  101  7:30  Pylon  
  101  7:36  Probe x3  
  104  7:38  Pylon  
  104  7:40  Assimilator  
  104  7:41  Pylon  
  104  7:43  Pylon  
  104  7:44  Assimilator  
  104  7:46  Observer, Pylon  
  104  7:47  High Templar x2  
  104  7:48  Zealot x3  
  115  7:55  Gateway, Nexus  
  115  7:56  Probe  
  115  7:57  Probe x2  
  118  7:59  Gateway  
  118  8:01  Gateway  
  118  8:03  Pylon  
  118  8:07  Warp Prism, Pylon  
  120  8:16  Zealot x3  
  120  8:18  Probe  
  120  8:19  Probe  
  128  8:32  Zealot x2  
  132  8:38  Gateway  
  132  8:40  Gateway  
  132  8:43  Gateway  
  132  8:45  Gateway  
  132  8:48  Zealot x3  
  138  8:57  Zealot x4  
  142  9:09  Zealot x3  
  140  9:11  Archon  
  140  9:14  Zealot x3  
  140  9:15  Immortal  
  144  9:17  Zealot  
  144  9:21  High Templar x4  
  154  9:37  Zealot x4  
  163  9:38  Probe x2  
  163  9:41  Probe  
  163  9:43  Assimilator  
  161  9:46  Assimilator  
  161  9:50  Probe  
  144  10:09  High Templar x8  
  144  10:13  Archon x3  
  160  10:14  Archon  
  136  11:00  Zealot x7  
  132  11:05  Archon  
  132  11:06  Archon  
  132  11:08  Zealot  
  132  11:10  Immortal  
  130  11:15  Protoss Ground Weapons Level 3, Protoss Ground Armor Level 3  
  130  11:16  Gateway  
  130  11:17  Gateway  
  126  11:20  Gateway  
  106  11:28  Gateway  
  106  11:29  Gateway  
  106  11:31  High Templar x8  
  106  11:32  Gateway  
  120  11:36  Gateway  
  120  11:38  Gateway  
  120  11:42  Pylon  
  120  11:46  Pylon  
  120  11:55  Observer  
  120  11:58  Immortal  
  120  12:00  Zealot x4  
  132  12:10  Zealot x9  
  132  12:11  Zealot  
  152  12:23  Photon Cannon  
  152  12:24  Photon Cannon  
  152  12:27  Pylon  
  152  12:30  Zealot x11  
  152  12:31  Zealot x3  
  152  12:32  Zealot x6  
  152  12:37  Nexus  
  192  13:04  High Templar x4  
  200  13:10  Archon x2  
  134  13:37  Zealot x2  
  134  13:38  Zealot x7  
  134  13:39  Zealot  
  134  13:40  Archon  
  150  13:44  Archon  
  148  13:50  Zealot  
  148  13:51  Zealot x7  
  148  13:55  Probe  
  142  13:56  Immortal  
  142  13:57  Zealot x3  
  142  13:58  Zealot x5  
  142  13:59  Zealot  
  143  14:15  Zealot x6  
  143  14:16  Zealot x5  
  136  14:22  Nexus  
  134  14:30  Warp Prism  
  128  14:32  High Templar x9  
  128  14:34  Probe x2  
  128  14:37  Pylon  
  150  14:40  Archon x2  
  150  14:41  Archon  
  150  14:46  Probe x2, Stalker x2  
  156  14:55  Probe  
  156  14:56  High Templar  
  156  14:57  High Templar x8  
  156  14:58  Probe  
  174  15:01  Archon x2  
  174  15:02  Archon x2  
  174  15:06  Zealot x3  
  174  15:07  Zealot x2  
  173  15:16  Archon  
  173  15:17  Archon  
  141  15:30  High Templar x3  
  141  15:31  High Templar x4  
  155  15:43  Assimilator  
  155  15:47  Assimilator  
  155  15:48  Warp Prism  
  158  15:50  Probe x3  
  160  16:11  Zealot  
  160  16:12  Zealot x10  
  160  16:13  Zealot x5  
Show
View Real Time Build Order
Export as new Build Order

Mez Terran 

Build Orders: Reaper Expand 

Get SALT Encoding   

  12  0:00  SCV  
  13  0:13  SCV  
  14  0:17  Supply Depot  
  14  0:25  SCV  
  15  0:39  SCV  
  15  0:40  Barracks  
  16  0:44  Refinery  
  16  0:51  SCV  
  17  1:03  SCV  
  18  1:15  SCV  
  19  1:27  Orbital Command  
  19  1:29  Reaper  
  20  1:42  Command Center  
  20  1:49  Bunker  
  20  1:54  SCV  
  21  2:01  Marine  
  21  2:05  Supply Depot  
  21  2:07  SCV  
  23  2:19  Barracks Reactor  
  23  2:26  SCV  
  24  2:39  SCV  
  24  2:43  Command Center  
  25  2:48  Factory  
  25  2:52  SCV  
  25  2:55  Orbital Command  
  26  2:58  Marine  
  26  2:59  Marine  
  28  3:06  Refinery, SCV  
  29  3:16  Marine x2  
  29  3:19  SCV  
  32  3:23  SCV  
  33  3:31  SCV  
  36  3:34  Widow Mine  
  36  3:37  Starport, SCV  
  37  3:42  Marine x2  
  37  3:43  SCV  
  40  3:49  SCV  
  41  3:56  Orbital Command  
  41  3:57  Supply Depot  
  41  3:59  Factory Tech Lab  
  41  4:00  SCV  
  41  4:01  SCV  
  43  4:13  Marine x2  
  43  4:14  Starport Tech Lab  
  45  4:18  SCV x2  
  45  4:22  Siege Tank  
  49  4:26  SCV  
  49  4:30  Supply Depot, SCV  
  51  4:33  SCV  
  51  4:34  Refinery  
  51  4:35  Barracks, Marine  
  51  4:36  Marine  
  51  4:37  Raven  
  51  4:38  SCV  
  57  4:41  Orbital Command, Barracks  
  57  4:46  SCV x2  
  59  4:59  Siege Tank  
  62  5:00  Supply Depot, Marine x2  
  62  5:02  SCV x2  
  66  5:09  Engineering Bay x2  
  66  5:11  Refinery  
  66  5:12  SCV  
  67  5:23  Supply Depot  
  67  5:31  Marine x2  
  69  5:41  Starport Reactor  
  63  5:44  Terran Infantry Armor Level 1, Barracks, Terran Infantry Weapons Level 1  
  63  5:45  Stimpack  
  63  5:46  Barracks  
  58  5:58  Marauder x2, Marine x2  
  58  5:59  SCV x3  
  67  6:08  Supply Depot  
  67  6:10  Factory Reactor  
  67  6:11  SCV  
  68  6:14  SCV x2  
  68  6:16  Marine x2  
  71  6:23  SCV  
  71  6:24  Marauder x2  
  73  6:26  SCV x2  
  75  6:33  Barracks Tech Lab, Marine x2  
  75  6:34  Barracks Reactor, Medivac x2, Supply Depot  
  75  6:35  SCV  
  75  6:38  SCV x2  
  84  6:45  Marine  
  84  6:46  Marauder  
  87  6:47  SCV  
  87  6:48  Supply Depot  
  87  6:51  Marine  
  87  7:04  Marine  
  87  7:05  Marauder x2  
  87  7:06  Medivac x2  
  87  7:07  Widow Mine, Marauder  
  100  7:09  Marine  
  100  7:10  SCV x2  
  100  7:12  Supply Depot  
  103  7:18  Missile Turret  
  103  7:19  Missile Turret  
  103  7:20  Supply Depot  
  103  7:21  Supply Depot  
  103  7:22  Combat Shield  
  103  7:26  Refinery, SCV x3  
  103  7:28  Refinery  
  106  7:36  Marauder x3, Marine x3  
  115  7:38  Concussive Shells, SCV x3  
  118  7:48  Barracks x2  
  118  7:49  Supply Depot, Barracks  
  118  7:51  Marine  
  119  7:52  Armory, SCV  
  119  7:53  Marine x2  
  119  7:54  Marine  
  119  7:57  Marine x3  
  126  8:04  Missile Turret  
  126  8:06  Missile Turret  
  126  8:07  Missile Turret  
  126  8:09  Medivac x2, Marine  
  126  8:12  Supply Depot, SCV x2  
  133  8:15  Marauder  
  135  8:21  Ghost Academy  
  135  8:28  Marauder x2, Marine x4  
  143  8:36  Marauder  
  143  8:37  Barracks Tech Lab  
  143  8:38  Barracks Tech Lab x2  
  143  8:40  Barracks Reactor  
  145  8:43  Supply Depot  
  145  8:44  Terran Infantry Armor Level 2, Terran Infantry Weapons Level 2  
  145  8:45  Marine  
  145  8:46  Marine  
  145  8:47  Supply Depot  
  145  8:49  Marauder  
  145  8:52  Widow Mine  
  145  8:53  Widow Mine  
  151  9:01  Marine  
  151  9:02  Marauder x2  
  156  9:05  Marauder x2, Marine x2  
  162  9:12  SCV x3  
  165  9:19  Ghost  
  165  9:20  Marine x4  
  165  9:22  Ghost  
  173  9:48  Marine  
  173  9:51  Marine  
  173  9:52  Medivac, SCV  
  173  9:54  Marauder  
  173  9:55  Marauder  
  173  9:56  Medivac  
  173  9:57  Ghost  
  173  10:12  Supply Depot, Marine x6  
  173  10:13  Marauder, Supply Depot  
  181  10:15  Enhanced Shockwaves  
  181  10:17  Command Center  
  181  10:33  Widow Mine, Ghost x2, Marine x2  
  181  10:34  Ghost  
  181  10:35  Widow Mine, Marauder x2  
  196  10:55  Ghost  
  196  10:56  Marauder, Marine  
  158  11:02  Marauder x2  
  152  11:04  Marauder, Marine  
  152  11:06  Marine x4  
  152  11:09  Medivac x2  
  158  11:14  Marine  
  158  11:17  Marine  
  154  11:22  Marine  
  154  11:23  Marine x2  
  154  11:24  Marine x2  
  148  11:27  Marauder x2, Marine x2  
  148  11:32  Marine  
  155  11:36  Marauder  
  155  11:39  Medivac, Starport  
  159  11:41  Starport, SCV x3  
  162  11:53  SCV x3  
  165  11:54  Ghost  
  165  11:55  Ghost x2, Marine x2  
  165  11:56  Marine  
  165  12:00  Missile Turret  
  174  12:08  Missile Turret  
  174  12:09  Missile Turret  
  174  12:10  Marauder x2, Refinery, Marine x3  
  174  12:13  Marine  
  174  12:14  Refinery  
  182  12:19  Starport Tech Lab, Starport Reactor  
  182  12:24  Fusion Core  
  182  12:28  Terran Infantry Weapons Level 3  
  182  12:30  Terran Infantry Armor Level 3  
  182  12:35  Planetary Fortress  
  176  12:57  Liberator  
  174  13:00  Widow Mine x2  
  174  13:01  Ghost x3, Marine  
  174  13:02  Marine x6  
  191  13:13  Viking  
  191  13:14  Viking x2  
  179  13:37  Marine  
  179  13:38  Marauder, Marine x6  
  187  13:48  Marauder  
  187  13:49  Marauder, Marine  
  187  13:55  Marine x3  
  161  13:56  Marine x4  
  161  13:59  Marine  
  161  14:00  Liberator  
  163  14:07  Marine  
  163  14:09  Marine x2  
  147  14:13  Marine x3  
  147  14:14  Marine x4  
  147  14:16  Marine  
  136  14:25  Marine  
  136  14:27  Marine x2  
  136  14:31  Marine x4  
  134  14:32  Marine x3  
  134  14:34  Marine  
  142  14:54  Marine  
  142  14:55  Command Center, Marine x4  
  126  15:22  Liberator x3  
  126  15:27  Marine x11  
  125  15:58  Ghost x2  
  129  16:16  Ghost  
Tags
 
Add a new tag
Caveats
  • Supply blocks, unpowered buildings, or Contaminate may cause inaccurate times.
  • Supply counts are checked every 10 seconds.